General information
- name: BNet
- type: Ladder team game (AT/RT)
- host: Battle.net
- saver: RodSerling
map: Deathknell
- players: 8
- length: 31:55
- speed: Fast
- version: 1.26 W3XP
- replay type: Public
» download(205 KB)
Players
team 1 (winner)

»
panasonic. (
orange | 38 APM | 1223 actions | 31:52)
3 Demon Hunter
2 Mana Burn
1 Immolation
» actions
| Assign group hotkey | 33 | |
| Basic commands | 276 | |
| Build / train | 61 | |
| Enter build submenu | 18 | |
| Enter hero's abilities submenu | 3 | |
| Remove unit from queue | 2 | |
| Right click | 406 | |
| Select / deselect | 348 | |
| Select group hotkey | 34 | |
| Use ability | 42 | |
1223 total
» units
| Wisp | 13 | |
| Archer | 15 | |
| Hippogryph | 15 | |
| Faerie Dragon | 2 | |
45 total
» upgrades
| Strength of the Moon | 2 | |
| Moon Armor | 2 | |
| Reinforced Hides | 1 | |
| Improved Bows | 1 | |
| Strength of the Wild | 1 | |
7 total
» buildings
| Altar of Elders | 1 | |
| Moon Well | 6 | |
| Ancient of War | 2 | |
| Ancient of Wonders | 1 | |
| Hunter's Hall | 1 | |
| Tree of Ages | 1 | |
| Ancient of Wind | 2 | |
| Tree of Eternity | 1 | |
15 total
» build order
00:15 Altar of Elders
00:22 Moon Well
00:51 Ancient of War
01:52 Moon Well
02:01 Ancient of Wonders
03:42 Hunter's Hall
03:46 Moon Well
04:40 Ancient of War
05:05 Tree of Ages
06:01 Moon Well
06:43 Moon Well
08:21 Ancient of Wind
08:31 Ancient of Wind
13:30 Moon Well
17:06 Tree of Eternity
» items
RodSerling (
pink | 98 APM | 3143 actions | 31:54)
8 Archmage
3 Summon Water Elemental
3 Brilliance Aura
1 Mass Teleport
1 Blizzard
» actions
| Assign group hotkey | 63 | |
| Basic commands | 311 | |
| Build / train | 153 | |
| ESC pressed | 10 | |
| Enter build submenu | 67 | |
| Enter hero's abilities submenu | 8 | |
| Give item / drop item | 2 | |
| Right click | 997 | |
| Select / deselect | 606 | |
| Select group hotkey | 691 | |
| Use ability | 235 | |
3143 total
» units
| Peasant | 27 | |
| Footman | 13 | |
| Goblin Shredder | 11 | |
| Goblin Zeppelin | 8 | |
| Gryphon Rider | 5 | |
| Dragonhawk Rider | 3 | |
| Goblin Sapper | 4 | |
71 total
» upgrades
| Masonry | 3 | |
| Defend | 1 | |
| Backpack | 1 | |
| Lumber Harvesting | 2 | |
| Swords | 3 | |
| Armor | 3 | |
| Animal War Training | 1 | |
| Storm Hammers | 1 | |
| Cloud | 1 | |
| Plating | 3 | |
| Gunpowder | 3 | |
| Flak Cannons | 1 | |
| Flying Machine Bombs | 1 | |
| Barrage | 1 | |
| Fragmentation Shards | 1 | |
| Flare | 1 | |
| Long Rifles | 1 | |
28 total
» buildings
| Altar of Kings | 1 | |
| Farm | 18 | |
| Barracks | 1 | |
| Arcane Vault | 1 | |
| Town Hall | 3 | |
| Scout Tower | 18 | |
| Lumber Mill | 1 | |
| Guard Tower | 21 | |
| Arcane Tower | 3 | |
| Keep | 2 | |
| Blacksmith | 1 | |
| Castle | 4 | |
| Gryphon Aviary | 7 | |
| Workshop | 4 | |
85 total
» build order
00:07 Altar of Kings
00:08 Farm
00:11 Barracks
00:55 Farm
01:52 Farm
02:29 Arcane Vault
03:56 Town Hall
04:06 Farm
04:57 Farm
05:18 Scout Tower
05:19 Scout Tower
05:20 Scout Tower
05:24 Lumber Mill
05:33 Scout Tower
06:04 Farm
06:20 Guard Tower
06:24 Guard Tower
06:38 Guard Tower
06:49 Scout Tower
06:52 Scout Tower
06:54 Scout Tower
07:23 Arcane Tower
07:23 Guard Tower
07:29 Arcane Tower
07:29 Guard Tower
07:30 Keep
07:40 Scout Tower
07:43 Scout Tower
07:47 Arcane Tower
08:12 Guard Tower
08:15 Guard Tower
08:15 Guard Tower
08:15 Guard Tower
08:19 Farm
09:17 Blacksmith
09:20 Scout Tower
09:49 Guard Tower
09:51 Castle
09:51 Castle
09:52 Castle
12:31 Gryphon Aviary
12:32 Gryphon Aviary
12:34 Gryphon Aviary
12:35 Gryphon Aviary
12:36 Gryphon Aviary
12:37 Gryphon Aviary
12:38 Gryphon Aviary
14:31 Town Hall
14:34 Scout Tower
14:35 Scout Tower
14:37 Scout Tower
14:38 Scout Tower
14:43 Scout Tower
14:45 Scout Tower
14:47 Scout Tower
14:49 Scout Tower
15:04 Guard Tower
15:04 Guard Tower
15:05 Guard Tower
15:09 Guard Tower
15:27 Guard Tower
15:39 Guard Tower
16:54 Farm
16:54 Farm
16:55 Farm
16:57 Farm
16:58 Farm
16:58 Farm
16:59 Farm
20:48 Farm
22:15 Farm
22:20 Workshop
22:21 Workshop
22:24 Workshop
22:25 Workshop
23:28 Farm
27:07 Farm
27:11 Town Hall
» items
| Scroll of Regeneration | 6 | |
| Lesser Clarity Potion | 1 | |
| Scroll of Town Portal | 1 | |
8 total
WHERE-IS-GRUBBY (
blue | 57 APM | 1829 actions | 31:52)
5 Paladin
2 Holy Light
2 Devotion Aura
1 Divine Shield
» actions
| Assign group hotkey | 70 | |
| Basic commands | 74 | |
| Build / train | 108 | |
| Enter build submenu | 22 | |
| Enter hero's abilities submenu | 5 | |
| Give item / drop item | 6 | |
| Remove unit from queue | 1 | |
| Right click | 623 | |
| Select / deselect | 219 | |
| Select group hotkey | 561 | |
| Use ability | 140 | |
1829 total
» units
| Peasant | 36 | |
| Footman | 5 | |
| Goblin Sapper | 1 | |
| Goblin Zeppelin | 1 | |
| Goblin Shredder | 1 | |
| Sorceress | 3 | |
47 total
» upgrades
| Masonry | 3 | |
| Lumber Harvesting | 2 | |
| Sorceress Training | 2 | |
| Magic Sentry | 1 | |
| Gunpowder | 2 | |
| Plating | 2 | |
12 total
» buildings
| Altar of Kings | 1 | |
| Barracks | 1 | |
| Farm | 4 | |
| Scout Tower | 42 | |
| Arcane Tower | 1 | |
| Arcane Vault | 31 | |
| Lumber Mill | 1 | |
| Town Hall | 2 | |
| Guard Tower | 23 | |
| Keep | 2 | |
| Castle | 1 | |
| Arcane Sanctum | 2 | |
| Blacksmith | 1 | |
112 total
» build order
00:15 Altar of Kings
00:22 Barracks
00:38 Farm
00:53 Farm
01:40 Farm
01:46 Scout Tower
02:20 Arcane Tower
02:52 Farm
03:02 Arcane Vault
03:21 Lumber Mill
04:57 Town Hall
05:00 Scout Tower
05:01 Scout Tower
05:01 Scout Tower
05:37 Guard Tower
06:02 Scout Tower
06:02 Scout Tower
06:03 Scout Tower
06:03 Scout Tower
06:05 Scout Tower
06:05 Scout Tower
06:31 Guard Tower
06:31 Guard Tower
06:43 Guard Tower
06:43 Guard Tower
07:03 Guard Tower
07:03 Guard Tower
07:55 Keep
07:55 Keep
08:00 Scout Tower
08:00 Scout Tower
08:01 Scout Tower
08:01 Scout Tower
08:01 Scout Tower
08:02 Scout Tower
08:03 Scout Tower
08:03 Scout Tower
08:03 Scout Tower
08:24 Scout Tower
08:25 Scout Tower
08:25 Scout Tower
08:25 Scout Tower
08:26 Scout Tower
08:26 Scout Tower
08:27 Scout Tower
08:37 Guard Tower
08:37 Guard Tower
08:37 Guard Tower
09:28 Guard Tower
09:28 Guard Tower
09:46 Guard Tower
09:46 Guard Tower
09:48 Arcane Vault
09:49 Scout Tower
09:49 Scout Tower
09:50 Scout Tower
09:50 Scout Tower
09:50 Scout Tower
09:51 Scout Tower
09:51 Scout Tower
09:52 Scout Tower
09:53 Scout Tower
09:53 Scout Tower
09:53 Scout Tower
09:54 Scout Tower
09:54 Scout Tower
09:54 Scout Tower
09:55 Scout Tower
09:56 Scout Tower
10:45 Castle
10:46 Guard Tower
11:36 Guard Tower
11:36 Guard Tower
11:38 Guard Tower
11:38 Guard Tower
12:48 Guard Tower
13:27 Guard Tower
13:30 Arcane Sanctum
15:06 Town Hall
15:10 Arcane Vault
15:11 Arcane Vault
15:12 Arcane Vault
15:12 Arcane Vault
15:13 Arcane Vault
15:26 Arcane Sanctum
17:52 Arcane Vault
17:53 Arcane Vault
17:54 Arcane Vault
17:54 Arcane Vault
17:55 Arcane Vault
17:56 Arcane Vault
17:57 Arcane Vault
17:58 Arcane Vault
17:59 Arcane Vault
18:00 Arcane Vault
18:01 Arcane Vault
18:02 Arcane Vault
18:02 Arcane Vault
18:03 Arcane Vault
18:03 Arcane Vault
18:04 Arcane Vault
18:04 Arcane Vault
18:06 Arcane Vault
18:07 Arcane Vault
18:08 Arcane Vault
18:09 Arcane Vault
18:10 Arcane Vault
18:10 Arcane Vault
18:12 Arcane Vault
20:04 Blacksmith
» items
| Scroll of Regeneration | 2 | |
| Scroll of Town Portal | 2 | |
| Orb of Fire | 1 | |
| Potion of Mana | 4 | |
| Lesser Clarity Potion | 2 | |
| Potion of Healing | 1 | |
12 total
NoobChief (
green | 37 APM | 1181 actions | 31:52)
5 Mountain King
3 Storm Bolt
1 Bash
1 Thunder Clap
4 Paladin
2 Holy Light
2 Divine Shield
2 Blood Mage
1 Siphon Mana
1 Banish
» actions
| Assign group hotkey | 38 | |
| Basic commands | 9 | |
| Build / train | 90 | |
| Enter build submenu | 21 | |
| Enter hero's abilities submenu | 11 | |
| Right click | 327 | |
| Select / deselect | 295 | |
| Select group hotkey | 291 | |
| Use ability | 99 | |
1181 total
» units
| Peasant | 16 | |
| Rifleman | 11 | |
| Goblin Shredder | 1 | |
| Gnoll Overseer | 1 | |
| Gryphon Rider | 16 | |
| Dragonhawk Rider | 4 | |
49 total
» upgrades
| Masonry | 3 | |
| Armor | 2 | |
| Gunpowder | 1 | |
| Long Rifles | 1 | |
| Swords | 2 | |
| Animal War Training | 1 | |
| Storm Hammers | 1 | |
11 total
» buildings
| Blacksmith | 1 | |
| Barracks | 1 | |
| Farm | 11 | |
| Altar of Kings | 1 | |
| Arcane Vault | 1 | |
| Town Hall | 2 | |
| Scout Tower | 1 | |
| Arcane Tower | 1 | |
| Lumber Mill | 1 | |
| Keep | 1 | |
| Castle | 1 | |
| Gryphon Aviary | 2 | |
24 total
» build order
00:50 Blacksmith
01:05 Barracks
01:11 Farm
01:14 Farm
01:22 Altar of Kings
01:52 Arcane Vault
02:13 Farm
03:13 Farm
04:43 Town Hall
04:49 Scout Tower
05:26 Arcane Tower
05:48 Lumber Mill
07:33 Keep
07:38 Farm
07:40 Farm
07:41 Farm
07:42 Farm
09:11 Farm
09:13 Farm
10:00 Farm
10:04 Castle
11:16 Town Hall
11:54 Gryphon Aviary
11:58 Gryphon Aviary
» items
| Scroll of Regeneration | 7 | |
| Lesser Clarity Potion | 4 | |
| Scroll of Town Portal | 2 | |
13 total
team 2 (loser)

»
MaHo (
teal | 64 APM | 1079 actions | 16:49)
4 Tauren Chieftain
2 War Stomp
2 Endurance Aura
» actions
| Assign group hotkey | 136 | |
| Basic commands | 29 | |
| Build / train | 81 | |
| Enter build submenu | 18 | |
| Enter hero's abilities submenu | 4 | |
| Remove unit from queue | 2 | |
| Right click | 251 | |
| Select / deselect | 197 | |
| Select group hotkey | 296 | |
| Use ability | 65 | |
1079 total
» units
| Peon | 42 | |
| Troll Headhunter/Berserker | 19 | |
61 total
» upgrades
» buildings
| War Mill | 1 | |
| Orc Burrow | 4 | |
| Barracks | 2 | |
| Altar of Storms | 1 | |
| Voodoo Lounge | 1 | |
| Great Hall | 4 | |
| Watch Tower | 2 | |
| Stronghold | 1 | |
| Fortress | 1 | |
17 total
» build order
00:06 War Mill
00:23 Orc Burrow
00:39 Barracks
01:08 Altar of Storms
01:41 Orc Burrow
02:45 Voodoo Lounge
03:45 Orc Burrow
05:04 Great Hall
05:08 Great Hall
05:08 Watch Tower
05:16 Great Hall
05:58 Great Hall
08:54 Stronghold
09:22 Watch Tower
11:08 Orc Burrow
11:12 Barracks
12:07 Fortress
» items
| Healing Salve | 4 | |
| Lesser Clarity Potion | 2 | |
| Scroll of Speed | 1 | |
| Potion of Healing | 1 | |
| Potion of Mana | 1 | |
9 total

»
suxk (
yellow | 33 APM | 1060 actions | 31:52)
8 Death Knight
3 Death Coil
3 Unholy Aura
2 Animate Dead
» actions
| Assign group hotkey | 7 | |
| Basic commands | 6 | |
| Build / train | 50 | |
| ESC pressed | 1 | |
| Enter build submenu | 19 | |
| Enter hero's abilities submenu | 8 | |
| Remove unit from queue | 4 | |
| Right click | 664 | |
| Select / deselect | 248 | |
| Select group hotkey | 4 | |
| Use ability | 49 | |
1060 total
» units
| Acolyte | 14 | |
| Ghoul | 3 | |
| Frost Wyrm | 7 | |
| Abomination | 2 | |
| Crypt Fiend | 3 | |
29 total
» upgrades
| Creature Attack | 2 | |
| Creature Carapace | 1 | |
| Web | 1 | |
4 total
» buildings
| Altar of Darkness | 1 | |
| Ziggurat | 7 | |
| Crypt | 2 | |
| Graveyard | 1 | |
| Tomb of Relics | 2 | |
| Nerubian Tower | 1 | |
| Halls of the Dead | 2 | |
| Black Citadel | 2 | |
| Sacrificial Pit | 1 | |
| Necropolis | 1 | |
| Boneyard | 2 | |
| Slaughterhouse | 1 | |
23 total
» build order
00:17 Altar of Darkness
00:23 Ziggurat
00:57 Crypt
01:42 Crypt
02:30 Graveyard
02:46 Ziggurat
02:50 Tomb of Relics
03:54 Nerubian Tower
03:56 Halls of the Dead
03:56 Halls of the Dead
07:15 Black Citadel
07:15 Black Citadel
07:18 Sacrificial Pit
09:03 Necropolis
09:10 Ziggurat
09:12 Ziggurat
10:22 Boneyard
10:36 Boneyard
11:43 Ziggurat
11:46 Ziggurat
11:49 Ziggurat
12:53 Slaughterhouse
12:56 Tomb of Relics
» items
| Potion of Healing | 2 | |
| Potion of Mana | 1 | |
3 total
HierUndJetzt (
red | 50 APM | 1554 actions | 31:05)
6 Death Knight
3 Death Coil
3 Unholy Aura
» actions
| Assign group hotkey | 210 | |
| Basic commands | 62 | |
| Build / train | 62 | |
| Enter build submenu | 26 | |
| Enter hero's abilities submenu | 8 | |
| Give item / drop item | 9 | |
| Remove unit from queue | 2 | |
| Right click | 646 | |
| Select / deselect | 251 | |
| Select group hotkey | 207 | |
| Use ability | 71 | |
1554 total
» units
| Acolyte | 21 | |
| Ghoul | 5 | |
| Frost Wyrm | 9 | |
| Goblin Shredder | 1 | |
36 total
» upgrades
| Creature Carapace | 3 | |
| Creature Attack | 3 | |
| Freezing Breath | 1 | |
7 total
» buildings
| Crypt | 1 | |
| Ziggurat | 11 | |
| Altar of Darkness | 1 | |
| Halls of the Dead | 5 | |
| Graveyard | 1 | |
| Tomb of Relics | 1 | |
| Spirit Tower | 0 | |
| Black Citadel | 1 | |
| Sacrificial Pit | 1 | |
| Boneyard | 4 | |
| Necropolis | 1 | |
27 total
» build order
00:06 Crypt
00:08 Ziggurat
00:40 Altar of Darkness
01:06 Ziggurat
02:29 Halls of the Dead
02:30 Halls of the Dead
02:30 Halls of the Dead
02:30 Halls of the Dead
02:54 Graveyard
03:29 Ziggurat
03:31 Ziggurat
03:37 Ziggurat
04:22 Tomb of Relics
04:49 Spirit Tower
05:01 Black Citadel
05:08 Spirit Tower
05:13 Sacrificial Pit
07:31 Boneyard
07:32 Boneyard
08:09 Boneyard
08:11 Boneyard
11:23 Ziggurat
11:24 Ziggurat
11:24 Ziggurat
11:37 Ziggurat
11:38 Ziggurat
19:48 Necropolis
» items
| Rod of Necromancy | 1 | |
| Orb of Corruption | 1 | |
| Potion of Mana | 1 | |
| Scroll of Town Portal | 1 | |
4 total

»
12334GRFF (
purple | 27 APM | 700 actions | 26:05)
1 Pit Lord
1 Rain of Fire
» actions
| Assign group hotkey | 3 | |
| Basic commands | 59 | |
| Build / train | 21 | |
| Enter build submenu | 7 | |
| Enter hero's abilities submenu | 2 | |
| Remove unit from queue | 1 | |
| Right click | 453 | |
| Select / deselect | 122 | |
| Select group hotkey | 13 | |
| Use ability | 19 | |
700 total
» units
» buildings
| Crypt | 2 | |
| Ziggurat | 2 | |
| Altar of Darkness | 1 | |
5 total
» build order
00:57 Crypt
01:06 Crypt
01:20 Ziggurat
01:40 Ziggurat
02:19 Altar of Darkness
Chat log
(00:10 / Allies) NoobChief: rifflemk
(00:14 / All) HierUndJetzt: ASL everyone?
(00:14 / All) RodSerling: Why...it's midnight! It's past midnight and I've missed my appointment!
(00:33 / All) HierUndJetzt: ASL all?
(00:34 / All) RodSerling: You realize, of course, that you've reached the terms of our deal.
(00:47 / All) suxk: wtf you talking about
(00:50 / All) HierUndJetzt: how old are you
(00:55 / All) HierUndJetzt: what is your gender
(00:59 / All) WHERE-IS-GRUBBY: 26 male
(01:00 / All) HierUndJetzt: are you a single woman
(01:06 / All) WHERE-IS-GRUBBY: not yet
(01:16 / All) HierUndJetzt: any single women want to call me
(01:32 / All) RodSerling: Movie great of another time, once-brilliant star in a firmament no longer a part of the sky,
(01:35 / All) HierUndJetzt: I have a builder acolyte
(02:23 / All) HierUndJetzt: I'm looking for love
(02:42 / All) HierUndJetzt: any hot single ladies here?
(02:53 / All) suxk: they all gay
(02:58 / All) MaHo: ofc, every hot girl is playing wc3 at 1 am
(03:04 / All) suxk: xD
(03:11 / All) HierUndJetzt: It's 7 here buddy
(03:20 / All) HierUndJetzt: I'm looking for hot single Europe women
(03:24 / All) HierUndJetzt: that want a US greencard
(03:32 / Allies) panasonic.: 2 rax
(03:47 / Allies) WHERE-IS-GRUBBY: wood niggas
(05:21 / All) WHERE-IS-GRUBBY: i am sure u deserved it brother
(05:46 / All) HierUndJetzt: Purple is a gentleman after mine own hearrt
(08:05 / All) 12334GRFF: RED NOOB
(09:38 / All) 12334GRFF: Xd
(09:41 / Allies) NoobChief: careful
(09:43 / All) 12334GRFF: RED MASS WYRM VS ARCH
(09:48 / All) 12334GRFF: AHAHAH TOP SKILL
(11:19 / All) 12334GRFF: 5 VS 3
(11:20 / All) 12334GRFF: AHAH
(11:24 / All) RodSerling: You're about to meet a hypochondriac.
(11:28 / All) RodSerling: Witness MaHo
(11:35 / All) RodSerling: age forty-four, afraid of the following: death, disease, other people, germs, draft, and everything else.
(12:15 / All) MaHo: fucking treamkiller
(12:28 / All) 12334GRFF: MAKE MASS WYRM
(12:29 / All) 12334GRFF: AHAHA
(13:00 / All) 12334GRFF: STOP KIL ME
(13:06 / All) 12334GRFF: I TEAM KILL
(13:12 / All) RodSerling: One abiding concern about society: if Maho should die, how will the world survive without him?
(13:30 / All) suxk: stfu
(13:43 / All) RodSerling: I am Rod Serling, narrator of The Twilight Zone. You cannot silence me.
(14:00 / All) RodSerling: You're moving into a land of both shadow and substance, of things and ideas.
(14:05 / All) RodSerling: You've just crossed over into The Twilight Zone.
(15:05 / All) 12334GRFF: Xd
(15:34 / All) 12334GRFF: DONT KILL M HERO
(15:49 / All) 12334GRFF: I HELP U WIN
(15:53 / All) 12334GRFF: AND U KILL MY HERO?
(15:57 / All) 12334GRFF: NEXT GAME I TK U
(16:47 / All) MaHo: go die fucking useless piece of shit
(17:28 / Allies) RodSerling: trade ring of regen for +6 robes?
(17:42 / Allies) WHERE-IS-GRUBBY: i tried to give it to u earlier llz
(19:21 / Allies) RodSerling: lol
(19:41 / All) WHERE-IS-GRUBBY: green had gon' an' goofed' up
(20:06 / All) RodSerling: Green isn't even fighting back
(20:45 / Allies) panasonic.: idiots i afk
(20:52 / Allies) panasonic.: play pls
(22:46 / Allies) RodSerling: get hippos
(22:48 / All) 12334GRFF: RED 4K GOLD
(22:49 / All) 12334GRFF: NOOB
(22:52 / All) panasonic.: mss stupid xomosexs here ahaha
(22:58 / All) WHERE-IS-GRUBBY: durrrrrrrrrrrrrrr
(23:22 / All) RodSerling: Picture a town drunk named Panasonic.
(23:23 / All) RodSerling: This is a man who's begun his dying early - a long, agonizing route through a maze of bottles.
(23:37 / All) RodSerling: who would probably give an arm or a leg or a part of his soul to have another chance, to be able to rise up and shake
(23:48 / All) RodSerling: the dirt from his body and the bad dreams that infest his consciousness.
(24:17 / All) HierUndJetzt: You're on your own now, yellow
(24:19 / All) HierUndJetzt: best of luck
(24:55 / All) RodSerling: I only lost 1 unit
(24:58 / All) RodSerling: how about you?
(26:05 / All) suxk: pink tell me
(26:16 / All) panasonic.: fu bitches
(26:22 / All) panasonic.: xomosexs
(26:31 / All) panasonic.: ^^
(26:35 / All) panasonic.: adojsoajdls;jdlsd
(26:39 / All) panasonic.: rgldfjgodfjgofdjgf
(26:44 / All) panasonic.: thfghdfhgdfgdfghfdhfdhfghgf
(26:54 / All) HierUndJetzt: For that you msut die
(27:28 / All) panasonic.: red noob leave idiot game over for u
(27:41 / All) HierUndJetzt: That so?
(27:47 / All) RodSerling: This is the justice meted out. This is judgment night in the Twilight Zone.
(28:22 / All) suxk: fucking 9 11 joke
(28:34 / All) RodSerling: Practical joke perpetrated by Mother Nature and a combination of improbable events. Practical joke wearing the
(28:40 / All) RodSerling:
(28:40 / All) HierUndJetzt: We are causing terror on this glorious day
(29:12 / All) suxk: killuminati
(29:39 / All) WHERE-IS-GRUBBY: this is the twiligiht zone
(29:40 / All) panasonic.: )
(29:57 / All) suxk: watched to mutch twilight
(30:14 / All) RodSerling: twilight zone
(30:16 / All) RodSerling: not twilight
(30:30 / All) suxk: same shit
(30:32 / All) suxk: killuminati
(30:37 / All) RodSerling: No it isn't
(30:43 / All) RodSerling: The Twilight Zone is a 1959 TV series
(31:00 / All) suxk: i dont give a fuck
(31:05 / All) suxk: fucking bitch ass
(31:05 / All) panasonic.: ty
(31:06 / All) suxk: killuminati
(31:08 / All) suxk: killuminati
(31:08 / All) RodSerling: Dialogue from a play, Hamlet to Horatio: "There are more things in heaven and earth than are dreamt of in your philosophy."
(31:10 / All) suxk: killuminati
(31:15 / All) panasonic.: next
(31:20 / All) panasonic.: fgfgfgfgfgfgfgfg
(31:36 / All) suxk: cioa people and pace niggers
(31:37 / All) suxk: killuminati
(31:47 / All) suxk: killuminati
(31:49 / All) suxk: !!!!!!!!!!!!!!!!!!!!!!!!!!!!!!
(31:50 / All) panasonic.: 1